 Dungeon Crawl Stone Soup version 0.31-a0-703-gcfe89afef6 (webtiles) character file.

Game seed: 7112359367055302852

47 qw the Shooter (level 3, -1/22 HPs)
             Began as a Gargoyle Hunter on Sept 8, 2023.
             Slain by a goblin
             ... wielding a +0 club
             ... led by Robin
              (6 damage)
             ... on level 2 of the Dungeon.
             The game lasted 00:00:24 (1025 turns).

qw the Shooter (Gargoyle Hunter)                    Turns: 1025, Time: 00:00:25

Health: -1/22      AC:  7    Str: 14    XL:     3   Next: 70%
Magic:  3/3        EV: 11    Int:  9    God:
Gold:   32         SH:  0    Dex: 15    Spells: 2/2 levels left

rFire   + . .        Y - +0 shortbow
rCold   . . .        (shield currently unavailable)
rNeg    + . .        c - +0 leather armour
rPois   inf          (no helmet)
rElec   +            (no cloak)
rCorr   .            d - +0 pair of gloves
SInv    .            (no boots)
Will    .....        (no amulet)
Stlth   ++           e - ring of protection from fire
HPRegen 0.23/turn    (no ring)
MPRegen 0.08/turn

%: no passive effects
@: no status effects
A: sickness immunity, AC +3, negative energy resistance 1, electricity
resistance, torment resistance 1, petrification resistance
a: no special abilities


You were on level 2 of the Dungeon.
You visited 1 branch of the dungeon, and saw 2 of its levels.

You collected 32 gold pieces.


Innate Abilities, Weirdness & Mutations

You are immune to sickness and miasma.
Your stone body is resilient. (AC +3)
You are immune to poison.
You resist negative energy. (rN+)
You are resistant to electric shocks. (rElec)
You are resistant to unholy torment.
You are immune to petrification.


   Skills:
 + Level 2.9 Fighting
 - Level 5.0 Ranged Weapons
 - Level 1.5 Dodging
 - Level 1.1 Stealth


You had 2 spell levels left.
You didn't know any spells.
Your spell library was empty.

Inventory:

Hand Weapons
 Y - a +0 shortbow (weapon)
Armour
 c - a +0 leather armour (worn)
 d - a +0 pair of gloves (worn)
Jewellery
 e - a ring of protection from fire (left hand)
Scrolls
 a - a scroll of teleportation {unknown}
Potions
 h - a potion of attraction {unknown}
 j - a potion of degeneration {unknown}
 k - a potion of lignification {unknown}

Dungeon Overview and Level Annotations

Branches:
Dungeon (2/15)

Altars:

Shops:
D:1 !

Annotations:
D:2 Robin


Message History

You shoot an arrow. The arrow hits the hobgoblin!
You kill the hobgoblin!
The quokka bites you but does no damage.
The goblin hits you but does no damage. Robin hits you but does no damage.
The goblin completely misses you.
The hobgoblin hits you but does no damage.
The quokka closely misses you. The hobgoblin closely misses you.
The goblin hits you but does no damage. The goblin closely misses you.
Robin hits you from afar with a +0 trident.
You shoot an arrow. The arrow completely misses the quokka.
The arrow hits Robin.
Robin is heavily wounded.
The quokka bites you. The goblin barely misses you.
Robin hits you from afar with a +0 trident.
The hobgoblin hits you but does no damage.
The goblin hits you with a +0 club.
You shoot an arrow. The arrow hits the quokka.
The quokka is moderately wounded.
The quokka closely misses you. Robin closely misses you.
The goblin hits you but does no damage. The hobgoblin closely misses you.
The goblin closely misses you.
The quokka bites you but does no damage.
You shoot an arrow. The arrow hits the quokka.
You kill the quokka!
The goblin no longer looks unusually strong.
Robin closely misses you. The goblin hits you but does no damage.
The hobgoblin hits you but does no damage.
The goblin closely misses you.
You shoot an arrow.
The arrow hits the hobgoblin but does no damage.
The goblin misses you. Robin closely misses you.
The hobgoblin closely misses you. The goblin barely misses you.
You shoot an arrow.
The arrow hits the hobgoblin but does no damage.
The hobgoblin no longer looks unusually strong.
The goblin hits you but does no damage. Robin hits you but does no damage.
The goblin hits you but does no damage.
The hobgoblin hits you but does no damage.
The hobgoblin misses you. The goblin hits you with a +0 club.
You die...

........###
#........
##.....[#.#
.#........
#......#.# .#
#........# .#
#.....#..# .#
#..#.....# .# #
#..#.###.##.#.##..
..........g.%...)).
...##......@)g..)..
#...###gg###....
+... ##.# . #.. ...
## ##>. ... ###. .#


You could see Robin, a hobgoblin and 2 goblins.

Vanquished Creatures
  2 worms (D:2)
  A dart slug (D:1)
  5 bats
  2 endoplasms (D:1)
  10 goblins
  4 hobgoblins (D:2)
  2 kobolds
  2 quokkas
  3 ball pythons
  4 rats
35 creatures vanquished.

Notes
Turn   | Place    | Note
-------+----------+-------------------------------------------
     0 | D:1      | qw the Gargoyle Hunter began the quest for the Orb.
     0 | D:1      | Reached XP level 1. HP: 12/12 MP: 1/1
     0 | D:1      | 0 ||| qw: Version: 0.3-a-76-g4403597
     0 | D:1      | 0 ||| qw: Game counter: 1291
     0 | D:1      | 0 ||| qw: Melee chars always use a shield: true
     0 | D:1      | 0 ||| qw: God list: Okawaru
     0 | D:1      | 0 ||| qw: Allow faded altars: false
     0 | D:1      | 0 ||| qw: Do Orc after clearing Dungeon:15 true
     0 | D:1      | 0 ||| qw: Do second Lair branch before Depths: true
     0 | D:1      | 0 ||| qw: Lair rune preference: random
     0 | D:1      | 0 ||| qw: Goals: Normal
     0 | D:1      | 0 ||| PLANNING D:1-11
   150 | D:1      | Reached XP level 2. HP: 17/17 MP: 2/2
   252 | D:1      | Found Badd's Distillery.
   257 | D:1      | 257 ||| SHOPLISTING potion of cancellation (112 gold, have
                  | 28).
   257 | D:1      | 257 ||| SHOPLISTING potion of curing (42 gold, have 28).
   257 | D:1      | 257 ||| SHOPLISTING potion of haste (140 gold, have 28).
   257 | D:1      | 257 ||| SHOPLISTING potion of might (56 gold, have 28).
   257 | D:1      | 257 ||| SHOPLISTING potion of mutation (112 gold, have 28).
   789 | D:1      | 789 ||| UPGRADING to +0 pair of gloves.
   794 | D:1      | 794 ||| UPGRADING to ring of protection from fire.
   795 | D:1      | 795 ||| READING 2 scrolls labelled GUSSOHABOO.
   796 | D:1      | 796 ||| READING scroll labelled YSOMNY DORRONA.
   797 | D:1      | 797 ||| DRINKING 2 clear potions.
   798 | D:1      | 798 ||| DROPPING scroll of fog.
   799 | D:1      | 799 ||| DROPPING scroll of butterflies.
   916 | D:2      | Reached XP level 3. HP: 21/21 MP: 3/3
   921 | D:2      | Reached skill level 5 in Ranged Weapons
   945 | D:2      | Found a faded altar of an unknown god.
  1006 | D:2      | Noticed Robin
  1016 | D:2      | HP: 3/22 [hobgoblin[Robin] (6)]
  1017 | D:2      | 1017 ||| DRINKING potion of heal wounds.
  1021 | D:2      | HP: 4/22 [goblin/+0 club[Robin] (5)]
  1025 | D:2      | Slain by a goblin

Levels and vault maps discovered:
D:1:      dpeg_arrival_erosion, layout_loops_ring, serial_shops, shop
D:2:      layout_basic, ebering_ecumenical_altar_webs, chequers_mini_garden,
          uniq_robin

Skill      XL: |  1  2  3 |
---------------+----------+-----
Ranged Weapons | 5 |  5.0
Fighting       | |  2.9
Dodging        | |  1.5
Stealth        | |  1.1

Action                     || total
---------------------------++-------
   Fire: Shortbow          ||   107
    Use: Scroll            ||     2
         Potion            ||     2
 Armour: Leather armour    ||    61
  Dodge: Dodged            ||    36

Table legend:
 A = Non-vault XP
 B = Vault XP
 C = Vault XP percentage of total XP
 D = Non-vault monster count
 E = Vault monster count
 F = Vault count percentage of total count
                 A         B        C        D         E       F
            +---------+---------+-------+---------+---------+-------
      Total |      53 |      15 |  22.1 |      27 |       8 |  22.9
            +---------+---------+-------+---------+---------+-------
        D:1 |      23 |       0 |   0.0 |      13 |       0 |   0.0
        D:2 |      30 |      15 |  33.3 |      14 |       8 |  36.4
            +---------+---------+-------+---------+---------+-------
